 Dungeon Crawl Stone Soup version 0.25.0-1-g7eea58d2a3 (webtiles) character file.

Game seed: 2576125759378680366

6516 1994 the Thrower (level 11, -2/118 HPs)
             Began as an Ogre Hunter on June 13, 2020.
             Was a Follower of Elyvilon.
             Slain by a merfolk
             ... wielding a +0 spear
              (3 damage)
             ... on level 9 of the Dungeon.
             The game lasted 00:32:45 (15582 turns).

1994 the Thrower (Ogre Hunter)                     Turns: 15582, Time: 00:32:46

Health: -2/118     AC:  4    Str: 25    XL:     11   Next: 0%
Magic:  11/11      EV: 10    Int: 12    God:    Elyvilon [*.....]
Gold:   716        SH:  5    Dex:  9    Spells: 10/10 levels left

rFire    + . .     SeeInvis .   a - +0 dire flail
rCold    . . .     Gourm    .   (shield currently unavailable)
rNeg     + . .     Faith    .   m - +0 robe {MR+}
rPois    .         Spirit   .   (helmet restricted)
rElec    +         Reflect  +   p - +0 cloak
rCorr    .         Harm     .   (gloves unavailable)
MR       ++...                  (boots unavailable)
Stlth    +.........             U - amulet "Cenosh" {Reflect rElec Str+4 SH+5}
HPRegen  0.29/turn              j - ring of positive energy
MPRegen  0.12/turn              P - ring of protection from fire

@: no status effects
A: large, unfitting armour, tough skin 1
a: Lesser Healing, Divine Protection, Renounce Religion


You were on level 9 of the Dungeon.
You worshipped Elyvilon.
Elyvilon was aware of your devotion.
You were not hungry.

You visited 2 branches of the dungeon, and saw 10 of its levels.
You also visited: Ossuary.

You collected 791 gold pieces.
You spent 75 gold pieces at shops.

Inventory:

Hand Weapons
 a - a +0 dire flail (weapon)
 b - a +0 whip
 o - a +0 flail
 y - a +0 giant club
 N - a cursed +0 giant spiked club
Missiles
 c - 9 large rocks
 d - 2 throwing nets
 e - 17 boomerangs
 h - 254 stones (quivered)
 i - 38 poisoned darts
 B - 8 curare-tipped darts
Armour
 m - a +0 robe of magic resistance (worn)
 p - a +0 cloak (worn)
 z - a +0 robe of fire resistance
Magical Staves
 S - an uncursed staff of energy {unknown}
Jewellery
 j - a ring of positive energy (left hand)
 s - an uncursed ring of wizardry
 L - an uncursed ring of see invisible
 P - a ring of protection from fire (right hand)
 U - the amulet "Cenosh" (around neck) {Reflect rElec Str+4 SH+5}
   (You took it off a gnoll on level 8 of the Dungeon)

   [amulet of reflection]

   It shields you and reflects attacks.
   It affects your strength (+4).
   It insulates you from electricity.
   It affects your SH (+5).
Wands
 g - a wand of disintegration (5)
 t - a wand of polymorph (7)
 w - a wand of iceblast (15)
Scrolls
 k - 2 scrolls of teleportation
 l - 3 scrolls of remove curse
 n - a scroll of immolation
 q - a scroll of blinking
 D - a scroll of enchant weapon {unknown}
 I - a scroll of noise {unknown}
 O - a scroll of fog {unknown}
 Q - a scroll of brand weapon {unknown}
 R - a scroll of magic mapping {unknown}
 T - a scroll of vulnerability {unknown}
 V - 2 scrolls of identify
Potions
 r - 2 potions of flight
 u - 3 potions of magic
 v - 2 potions of brilliance
 x - 4 potions of curing
 C - 2 potions of invisibility
 E - a potion of lignification {unknown}
 F - 2 potions of might
 G - 2 potions of heal wounds {unknown}
 H - a potion of resistance {unknown}
 J - 2 potions of ambrosia {unknown}
 K - a potion of mutation {unknown}
 M - 2 potions of haste
Comestibles
 f - 18 rations
 A - 2 chunks of flesh


   Skills:
 + Level 10.3 Fighting
 * Level 9.9 Maces & Flails
 + Level 10.4 Throwing
 - Level 1.7 Dodging
 - Level 0.6 Stealth


You had 10 spell levels left.
You didn't know any spells.
Your spell library contained the following spells:

 Spells                   Type           Power        Failure   Level  Hunger
 Sting                    Tmut/Pois      #...         32%         1    ##.....
 Poisonous Vapours        Pois/Air       #.....       45%         2    ###....
 Ignite Poison            Fire/Tmut/Pois #.......     69%         3    ####...
 Mephitic Cloud           Conj/Pois/Air  #.......     69%         3    ####...
 Olgreb's Toxic Radiance  Pois           #.......     97%         4    #####..


Dungeon Overview and Level Annotations

Branches:
Dungeon (9/15)             Temple (1/1) D:7            Lair (0/6) D:8
Ossuary (visited)
    Orc: D:9-12

Altars:
Ashenzari
Cheibriados
Dithmenos
Elyvilon
Fedhas
Gozag
Hepliaklqana
Kikubaaqudgha
Makhleb
Nemelex Xobeh
Okawaru
Qazlal
Ru
Sif Muna
Trog
Uskayaw
Vehumet
Wu Jian
Xom
Yredelemnul
Zin
The Shining One

Shops:
D:6 ?


Innate Abilities, Weirdness & Mutations

You are too large for most types of armour.
You have tough skin. (AC +1)


Message History

The merfolk is severely wounded.
The merfolk hits you with a +0 spear.
You barely miss the merfolk.
The merfolk is severely wounded.
You barely miss the merfolk.
The merfolk is severely wounded.
The merfolk hits you with a +0 spear!!
* * * LOW HITPOINT WARNING * * *
You closely miss the merfolk.
The merfolk is severely wounded.
The merfolk hits you with a +0 spear!
* * * LOW HITPOINT WARNING * * *
You puncture the merfolk!
The merfolk is almost dead.
The merfolk hits you with a +0 spear!
* * * LOW HITPOINT WARNING * * *
You closely miss the merfolk.
The merfolk is almost dead.
The merfolk hits you with a +0 spear.
You die...

.##.## #.#######..)))).....#
.....# #.# ######......# .#...#
#.# #......# .##..# #.# #......#
.....##### #.# ##...###
...#.....# #.###### #.###
#....###.###.##≈.%# #)######
##.#.....))...#≈m(# #####.......
#.#.###.###.##≈@#####...........
#.#..........#≈.†#...........(..
#.#####.###.###'##.####.........
#.# #.# #.# #....# ##........
#.### #.# #.# ###### #........
#...# #.# #.# #........ ##...#
#.# .# ##....... .....# #.#
##....... ##...# #........


You could see a merfolk.

Vanquished Creatures
  Erica (D:9)
  A two-headed ogre (D:8)
  A cyclops (D:8)
  Prince Ribbit (D:7)
  Grinder (D:5)
  Sigmund (D:2)
  A wyvern (D:8)
  A yak (D:8)
  A hungry ghost (D:9)
  Menkaure (D:4)
  2 sky beasts
  3 ice beasts
  4 orc warriors
  2 phantoms
  5 ogres
  A centaur (D:8)
  A crocodile (D:7)
  A big kobold (D:7)
  7 bullfrogs
  A gnoll sergeant (D:9)
  2 scorpions
  5 crimson imps
  A quasit (D:9)
  4 hounds
  A bullfrog skeleton (D:6)
  2 jellies
  6 orc priests
  A centaur skeleton (D:8)
  8 orc wizards
  4 worker ants
  5 iguanas
  2 hound zombies
  3 hound skeletons
  8 mummies (Ossuary)
  Robin (D:4)
  A howler monkey zombie (D:9)
  9 gnolls
  5 adders
  An ooze (D:1)
  An adder skeleton (D:7)
  4 worms
  5 dart slugs
  7 leopard geckos
  30 orcs
  2 giant cockroaches
  A gnoll zombie (Ossuary)
  10 goblins
  8 hobgoblins
  7 jackals
  13 kobolds
  10 quokkas
  A ball python (D:8)
  5 bats
  4 frilled lizards
  A hobgoblin zombie (Ossuary)
  2 kobold zombies (Ossuary)
  A leopard gecko zombie (D:8)
  4 orc zombies (Ossuary)
  A quokka skeleton (D:7)
  2 quokka zombies
  4 rats
229 creatures vanquished.

Vanquished Creatures (others)
  A wizard (D:4)
  A goblin (D:4)
2 creatures vanquished.

Grand Total: 231 creatures vanquished

Notes
Turn   | Place    | Note
-------+----------+-------------------------------------------
     0 | D:1      | 1994 the Ogre Hunter began the quest for the Orb.
     0 | D:1      | Reached XP level 1. HP: 22/22 MP: 1/1
   268 | D:1      | Reached XP level 2. HP: 30/31 MP: 2/2
   650 | D:1      | Reached skill level 1 in Maces & Flails
   940 | D:1      | Reached XP level 3. HP: 13/37 MP: 3/3
  2074 | D:2      | Noticed Sigmund
  2089 | D:2      | Killed Sigmund
  2089 | D:2      | Reached skill level 5 in Throwing
  2089 | D:2      | Reached XP level 4. HP: 38/48 MP: 4/4
  2089 | D:2      | Reached XP level 5. HP: 43/54 MP: 5/5
  2446 | D:2      | Reached XP level 6. HP: 63/63 MP: 6/6
  3417 | D:4      | Noticed Robin
  3427 | D:4      | Killed Robin
  3472 | D:5      | Entered Level 5 of the Dungeon
  3919 | D:4      | Noticed Menkaure
  3926 | D:4      | Killed Menkaure
  4473 | D:4      | Noticed a phantom
  4516 | D:4      | Killed a phantom
  4516 | D:4      | Reached skill level 5 in Fighting
  4516 | D:4      | Reached XP level 7. HP: 45/72 MP: 7/7
  4995 | D:4      | Found a bloodstained altar of Trog.
  4998 | D:4      | Noticed a wizard
  5005 | D:4      | Killed a wizard
  6342 | D:5      | Reached XP level 8. HP: 70/83 MP: 8/8
  6405 | D:5      | Noticed Grinder
  6418 | D:5      | Killed Grinder
  6418 | D:5      | Reached skill level 5 in Maces & Flails
  6443 | D:5      | Found a bloodstained altar of Trog.
  7319 | D:6      | Found a sand-covered staircase.
  7323 | Ossuary  | Entered an ossuary
  8038 | D:6      | Found Isaet's Magic Scroll Shop.
  8184 | D:6      | Bought a scroll of blinking for 75 gold pieces
  8200 | D:6      | Reached XP level 9. HP: 79/93 MP: 9/9
  9566 | D:7      | Noticed Prince Ribbit
  9584 | D:7      | Killed Prince Ribbit
  9861 | D:7      | Found a staircase to the Ecumenical Temple.
  9883 | Temple   | Entered the Ecumenical Temple
 10145 | Temple   | Became a worshipper of Elyvilon the Healer
 11750 | D:8      | Noticed a cyclops
 11765 | D:8      | Reached XP level 10. HP: 71/106 MP: 10/10
 11956 | D:8      | Killed a cyclops
 12280 | D:8      | Noticed a two-headed ogre
 12327 | D:8      | Killed a two-headed ogre
 12374 | D:8      | Found a stormy altar of Qazlal.
 12410 | D:8      | Found a staircase to the Lair.
 12954 | D:8      | Reached * piety under Elyvilon
 13044 | D:8      | Reached skill level 10 in Throwing
 14950 | D:9      | Identified the amulet "Cenosh" {Reflect rElec Str+4 SH+5}
 14951 | D:9      | Noticed Erica
 14955 | D:9      | Reached skill level 10 in Fighting
 15021 | D:9      | HP: 7/165 [something (2)]
 15023 | D:9      | Killed Erica
 15417 | D:9      | Reached XP level 11. HP: 101/118 MP: 11/11
 15581 | D:9      | HP: 1/118 [merfolk/+0 spear (12)]
 15582 | D:9      | Slain by a merfolk

Illustrated notes

Levels and vault maps discovered:
D:1:      dpeg_arrival_short_road, layout_loops_corners
D:2:      layout_rooms, serial_park_tiny_2, uniq_sigmund
D:3:      layout_basic, minmay_misc_feat_secret_circle
D:4:      layout_gridville, trog_wizard, uniq_menkaure, uniq_robin
D:5:      layout_rooms, overflow_temple_1_default, serial_corexii_hall,
          corexii_hall_statues_l, corexii_hall_statues_i, first_ration,
          uniq_grinder
D:6:      layout_basic, serial_shops, shop, nicolae_ossuary_entry_plus
D:7:      layout_basic, minmay_temple_entry_statues_pillars, uniq_prince_ribbit1
D:8:      minmay_thinvault, layout_rooms, dpeg_oklobed_lair, basic_altar
D:9:      layout_rooms, hangedman_fish_farm, mrwooster_statue_mirror, uniq_erica
Temple:   nicolae_temple_the_god_donut

Skill      XL: |  1  2  3  4  5  6  7  8  9 10 |
---------------+-------------------------------+-----
Fighting       | 3 4 5 7 8 10 | 10.3
Maces & Flails | 1 2 3 4 6 8 9 |  9.9
Throwing       | 5 6 8 9 10 | 10.4
Dodging        | |  1.7
Stealth        | |  0.6

Action                   |  1- 3 |  4- 6 |  7- 9 | 10-12 || total
-------------------------+-------+-------+-------+-------++-------
Melee: Short sword       |     7 |       |       |       ||     7
       Whip              |   123 |   154 |   487 |       ||   764
       Flail             |       |       |    50 |       ||    50
       Dire flail        |       |       |    17 |   229 ||   246
Throw: Large rock        |     2 |       |       |       ||     2
       Stone             |       |    28 |   229 |     7 ||   264
       Dart              |       |     1 |    23 |    15 ||    39
       Boomerang         |       |     5 |     3 |       ||     8
Evoke: Wand              |       |     3 |     2 |       ||     5
  Use: Scroll            |       |     2 |    12 |     3 ||    17
       Potion            |       |       |       |     1 ||     1
 Stab: Sleeping          |       |       |     2 |     1 ||     3
  Eat: Chunk             |     4 |     7 |    19 |    16 ||    46
       Ration            |       |       |     1 |     1 ||     2
Armor: Robe              |    40 |    51 |    99 |    29 ||   219
Dodge: Dodged            |    71 |    94 |   275 |    94 ||   534
Block: Other             |       |       |       |     2 ||     2
